AoeStats
← Rat-Chimp

Nomad

507946602Analyzed
3v3 RM · 12d ago on Sep 20, 2026· 44m 45s· 6 players
Game mode
Random Map
Map size
210×210
Population
200
Speed
Normal
Resources
Standard
Victory
Conquest
Starting age
Dark Age
Ending age
Imperial Age
RankedLock teamsTeams togetherTeam positionsShared explorationLock speedFull tech treeHidden civsTurbo modeCheats
Victory
Defeat
🇦🇺 Persians · Australia
1147
+12
🇬🇧 Britons · United Kingdom
1042
+16
🇦🇺 Vietnamese · Australia
962
+19
🇯🇵 Chinese · Japan
1093
-18
1021
-15
🇷🇺 Gurjaras · Russia
1011
-14
Hype-Rat
14:46 Feudal Age
19:07 Castle Age
17:00 Fishing Lines
17:08 Double-Bit Axe
18:06 Horse Collar
21:12 Scale Barding Armor
21:27 Bow Saw
21:41 Forging
22:31 Chain Barding Armor
24:17 Wheelbarrow
24:08 Bloodlines
25:50 Husbandry
28:51 Hand Cart
34:32 Heavy Plow
34:20 Loom
34:20 Town Watch
35:07 Gillnets
35:58 Iron Casting
40:13 Imperial Age
39:50 Cavalier
41:54 Two-Man Saw
41:27 Savar
43:30 Plate Barding Armor
45:15 Blast Furnace
RatLips
13:44 Feudal Age
14:24 Double-Bit Axe
14:28 Loom
15:22 Fishing Lines
19:08 Castle Age
18:52 Gold Mining
19:09 Fletching
19:57 Bodkin Arrow
20:06 Padded Archer Armor
20:19 Town Watch
21:16 Gillnets
22:09 Wheelbarrow
21:51 Leather Archer Armor
22:05 Crossbowman
24:04 Ballistics
25:48 Bow Saw
25:31 Stone Mining
28:26 Hand Cart
33:11 Imperial Age
31:58 Gold Shaft Mining
33:16 Arbalester
34:22 Bracer
34:54 Ring Archer Armor
34:34 Warwolf
34:58 Yeomen
36:16 Chemistry
43:05 Two-Man Saw
Rat-Chimp
5:26 Loom
18:56 Feudal Age
23:02 Double-Bit Axe
26:21 Castle Age
25:11 Fletching
26:48 Crossbowman
34:07 Wheelbarrow
33:04 Pikeman
34:09 Bodkin Arrow
35:51 Hand Cart
37:38 Ballistics
44:51 Imperial Age
42:43 Bow Saw
42:41 Thumb Ring
42:26 Horse Collar
42:58 Heavy Plow
hohoho
3:13 Loom
16:23 Feudal Age
16:54 Double-Bit Axe
16:58 Fishing Lines
18:21 Fletching
23:33 Castle Age
21:43 Gold Mining
21:43 Horse Collar
22:17 Stone Mining
23:00 Padded Archer Armor
24:16 Bodkin Arrow
23:45 Crossbowman
28:27 Guard Tower
30:34 Masonry
31:30 Murder Holes
Manolo el Cucarachas
8:29 Loom
15:45 Feudal Age
16:31 Double-Bit Axe
16:40 Horse Collar
21:27 Bloodlines
23:26 Castle Age
22:13 Gold Mining
22:16 Stone Mining
23:01 Forging
24:30 Heavy Plow
25:28 Bow Saw
26:22 Husbandry
27:36 Scale Barding Armor
29:33 Iron Casting
30:43 Wheelbarrow
31:02 Chain Barding Armor
33:19 Wheelbarrow
35:02 Fletching
36:24 Wheelbarrow
40:42 Imperial Age
38:58 Fervor
40:55 Elite Leitis
43:08 Plate Barding Armor
43:35 Conscription
GRIBYCH59
16:00 Feudal Age
16:10 Loom
16:26 Double-Bit Axe
17:41 Gold Mining
18:32 Wheelbarrow
22:20 Castle Age
20:12 Horse Collar
21:34 Stone Mining
21:37 Gold Mining
32:59 Stone Shaft Mining
33:30 Bow Saw
33:08 Light Cavalry
Connection lost

Rejoining the realm…

Still unreachable

The connection could not be restored.

Session expired

The server has moved on; the page needs a fresh start.